 Dungeon Crawl Stone Soup version 0.28-a0-1182-g381e24db82 (webtiles) character file.

Game seed: 8021989138837095365

27 ytrimaz the Insei (level 3, -5/23 HPs)
             Began as an Octopode Transmuter on Dec 16, 2021.
             Slain by Terence (8 damage)
             ... on level 2 of the Dungeon.
             The game lasted 00:01:11 (1772 turns).

ytrimaz the Insei (Octopode Transmuter)             Turns: 1772, Time: 00:01:12

Health: -5/23      AC:  2    Str:  9    XL:     3   Next: 10%
Magic:  2/6        EV: 19    Int: 17    God:
Gold:   85         SH:  0    Dex: 17    Spells: 0/6 levels left

rFire   . . .      SeeInvis .     - Unarmed
rCold   . . .      Faith    .   (shield currently unavailable)
rNeg    . . .      Spirit   .   (helmet currently unavailable)
rPois   x          Reflect  .   (no amulet)
rElec   .          Harm     .   (no ring)
rCorr   .          Rampage  .   (no ring)
Will    .....                   (no ring)
Stlth   ++........              (no ring)
HPRegen 0.07/turn               (no ring)
MPRegen 0.10/turn               (no ring)
                                (no ring)
                                (no ring)

@: spider-form
A: venomous fangs, almost no armour, (amphibious), 8 rings, tiny, (camouflage
1), (gelatinous body 1), (nimble swimmer 1), (tentacles)
a: End Transformation


You were on level 2 of the Dungeon.
You were a venomous arachnid creature.
You visited 1 branch of the dungeon, and saw 2 of its levels.

You collected 85 gold pieces.

Inventory:

Potions
 a - a potion of attraction {unknown}
 b - a potion of ambrosia {unknown}


   Skills:
 * Level 1.4 Fighting
 * Level 2.2 Dodging
 + Level 3.2 Unarmed Combat
 * Level 2.3 Spellcasting
 * Level 2.2 Transmutations


You couldn't memorise any spells.
You knew the following spells:

 Your Spells              Type           Power      Damage    Failure   Level
a - Beastly Appendage     Tmut           18%        N/A       21%         1
b - Wereblood             Tmut           9%         N/A       26%         2
c - Spider Form           Tmut/Pois      5%         N/A       56%         3

Your spell library contained the following spells:

 Spells                   Type           Power      Damage    Failure   Level
 Ensorcelled Hibernation  Hex/Ice        4%         N/A       50%         2
 Tukima's Dance           Hex            2%         N/A       71%         3
 Ice Form                 Ice/Tmut       5%         N/A       89%         4


Dungeon Overview and Level Annotations

Branches:
Dungeon (2/15)

Altars:

Annotations:
D:2 Terence


Innate Abilities, Weirdness & Mutations

You are a venomous arachnid creature.
You have poisonous fangs.
You are tiny and dextrous.
Your spellcasting is less reliable in this form.
Your armour is entirely melded.
You are incapable of wielding weapons or throwing items.
You cannot wear most types of armour.
((You are amphibious.))
You can wear up to eight rings at the same time.
((Your skin changes colour to match your surroundings (Stealth+).))
((Your rubbery body absorbs attacks. (AC +1, EV +1)))
((You are camouflaged near water. (Stealth+)))
((You have tentacles for arms and can constrict up to eight enemies at once.))


Message History

There is a stone staircase leading down here.
You climb downwards.
There is a stone staircase leading up here.
You aren't carrying any scrolls.
Terence the Incautious comes into view.
He is wielding a +0 flail.
Found a stone staircase leading down.
Terence is nearby!
Terence is nearby!
One of your tentacles grows a vicious spike.
Terence shouts!
Terence says, "Time to say good-bye..."
Terence drinks a potion.
Terence seems to grow stronger.
You tentacle-slap Terence but do no damage.
Your grab misses Terence.
You tentacle-slap Terence, but do no damage.
You barely miss Terence. Your grab misses Terence.
Your tentacle spike misses Terence.
Your squeeze misses Terence. Terence closely misses you.
Casting: Beastly Appendage (safe; 8% risk of failure)
Confirm with . or Enter, or press ? or * to list all spells.
The spell is extremely dangerous to miscast (34% risk of failure)!
Continue anyway?
Your tentacle spike disappears.
You turn into a venomous arachnid creature.
Terence says, "Rest in peace."
Terence misses you.
Unknown command.
You hit Terence.
Terence is poisoned.
Terence is lightly wounded.
Terence hits you with a +0 flail!
You hit Terence.
Terence looks as sick as possible!
Terence is moderately wounded.
Terence misses you.
You hit Terence but do no damage.
Terence is heavily wounded.
Terence hits you with a +0 flail!
* * * LOW HITPOINT WARNING * * *
You hit Terence.
Terence is severely wounded.
Terence hits you with a +0 flail!
You die...

##.# #...#
#...# #...#
#####...#####
#...........##
............>#
#.......s@...#
####...####.#
#...# #.<.#
#...# ##.##
#.# #.. ...


You could see Terence (strong, very poisoned).

Vanquished Creatures
  A ball python (D:1)
  4 bats (D:1)
  2 endoplasms (D:1)
  A giant cockroach (D:1)
  3 goblins (D:1)
  4 hobgoblins (D:1)
  2 quokkas (D:1)
  2 frilled lizards (D:1)
  2 kobolds (D:1)
  2 rats (D:1)
23 creatures vanquished.

Notes
Turn   | Place    | Note
-------+----------+-------------------------------------------
     0 | D:1      | ytrimaz the Octopode Transmuter began the quest for the
                  | Orb.
     0 | D:1      | Reached XP level 1. HP: 13/13 MP: 3/3
   382 | D:1      | Reached XP level 2. HP: 18/18 MP: 3/5
   385 | D:1      | Learned a level 2 spell: Wereblood
   444 | D:1      | Found a faded altar of an unknown god.
  1457 | D:1      | Reached XP level 3. HP: 17/23 MP: 6/6
  1465 | D:1      | Learned a level 3 spell: Spider Form
  1763 | D:2      | Noticed Terence
  1772 | D:2      | Slain by Terence

Illustrated notes

Levels and vault maps discovered:
D:1:      onia_arrival_mini_spirals, layout_loops_corners,
          hellmonk_ecumenical_altar_heavens_door,
          wander_ebering_terrifying_dragon_lair
D:2:      layout_loops_cross, fountainhead, minmay_door_square,
          minmay_pentomino_z2, uniq_terence

Action                   || total
-------------------------++-------
Melee: Unarmed           ||    66
       Constrict         ||    15
       Kick              ||     4
       Tentacles         ||     5
       Punch             ||     3
 Cast: Beastly Appendage ||    15
       Spider Form       ||     1
  Use: Scroll            ||     1
 Stab: Sleeping          ||     4
Armor: Skin              ||     2
Dodge: Dodged            ||    30

Table legend: (Time is in decaauts)
 A = Elapsed time spent in this place.
 B = Non-inter-level travel time spent in this place.
 C = Inter-level travel time spent in this place.
 D = Time resting spent in this place.
 E = Time spent auto-exploring this place.
 F = Levels seen in this place.
 G = Mean time per level.
                   A        B        C        D        E       F      G
               +--------+--------+--------+--------+--------+-----+--------+
         Total |   1767 |   1751 |     16 |      0 |   1544 |   2 |  883.5 |
       Dungeon |   1767 |   1751 |     16 |      0 |   1544 |   2 |  883.5 |
               +--------+--------+--------+--------+--------+-----+--------+

Top non-repeatable levels by time:
     D:1: 1757 daAuts
     D:2: 10 daAuts
